 Dungeon Crawl Stone Soup version 0.22.1-2-g9c5b331 (webtiles) character file.

7119 myga the Grappler (level 10, -5/92 HPs)
             Began as a Troll Fighter on Dec 26, 2018.
             Was an Elder of Okawaru.
             Slain by a skeletal warrior
             ... wielding a +0 flail
              (13 damage)
             ... on level 10 of the Dungeon.
             The game lasted 00:55:01 (8072 turns).

myga the Grappler (Troll Fighter)                   Turns: 8072, Time: 00:55:01

Health: -5/92      AC: 10    Str: 26    XL:     10   Next: 85%
Magic:  9/9        EV: 11    Int:  4    God:    Okawaru [****..]
Gold:   507        SH: 11    Dex: 12    Spells: 9/9 levels left

rFire    . . .     SeeInvis .     - Unarmed
rCold    . . .     Gourm    +   b - +1 shield
rNeg     . . .     Faith    .   P - +0 animal skin (curse)
rPois    .         Spirit   .   i - +2 hat
rElec    .         Reflect  .   C - +0 cloak
rCorr    .         Harm     .   (gloves unavailable)
MR       +....                  (boots unavailable)
Stlth    ++........             v - amulet of regeneration
HPRegen  1.05/turn              A - ring of protection from magic
MPRegen  0.11/turn              F - +2 ring of protection

@: about to teleport
A: large, unfitting armour, claws 3, fast metabolism 3, gourmand, regeneration
1, shaggy fur 1, tough skin 2
a: Heroism, Renounce Religion


You were on level 10 of the Dungeon.
You worshipped Okawaru.
Okawaru was greatly pleased with you.
You were completely stuffed.

You visited 2 branches of the dungeon, and saw 11 of its levels.
You also visited: Sewer.

You collected 507 gold pieces.

Inventory:

Hand Weapons
 e - a +4 hunting sling
 I - a +0 hunting sling
Missiles
 f - 280 stones
 o - 159 arrows
 w - 20 sling bullets
 z - 4 poisoned javelins
 K - 4 large rocks
 O - 3 poisoned tomahawks
 W - a tomahawk (quivered)
Armour
 b - a +1 shield (worn)
 i - a +2 hat (worn)
 j - a +0 robe
 C - a +0 cloak (worn)
 J - a +0 robe
 M - a +0 robe
 P - a cursed +0 animal skin (worn)
 Q - a +0 robe
 R - the +1 ring mail of Surprise {rC+ Dex+6, unknown}
   (You found it on level 8 of the Dungeon)

   It affects your dexterity (+6).
   It protects you from cold.
 U - a +0 robe
 V - a +0 robe
Magical Staves
 a - an uncursed staff of poison {unknown}
Jewellery
 t - an uncursed amulet of the gourmand
 v - an amulet of regeneration (around neck)
 A - a ring of protection from magic (left claw)
 F - a +2 ring of protection (right claw)
 H - an uncursed ring of fire
 X - an uncursed ring of resist corrosion {unknown}
Wands
 k - a wand of flame (16)
 T - a wand of random effects (28)
Scrolls
 g - a scroll of fog
 m - 2 scrolls of teleportation
 n - 3 scrolls of identify
 s - 2 scrolls of amnesia
 y - a scroll of random uselessness
 D - 3 scrolls of remove curse
 E - a scroll of blinking
 L - a scroll of enchant armour
 N - a scroll of magic mapping
 S - a scroll of immolation
Potions
 l - a potion of lignification
 p - 4 potions of haste
 q - 2 potions of flight
 r - 4 potions of curing
 u - a potion of cancellation
 x - 2 potions of mutation
 B - a potion of degeneration
Comestibles
 d - 22 rations
 G - 12 chunks of flesh


   Skills:
 + Level 3.9 Fighting
 + Level 7.6 Throwing
 + Level 5.5 Dodging
 + Level 1.2 Stealth
 + Level 6.2 Shields
 + Level 10.6 Unarmed Combat


You had 9 spell levels left.
You didn't know any spells.
Your spell library contained the following spells:

 Spells                   Type           Power        Failure   Level  Hunger
 Magic Dart               Conj           #...         71%         1    ##.....
 Searing Ray              Conj           #.....       83%         2    ###....
 Dazzling Spray           Conj/Hex       #.....       97%         3    ####...
 Force Lance              Conj/Tloc      #.......     100%        4    #####..
 Fulminant Prism          Conj/Hex       #.........   100%        4    #####..
 Iskenderun's Mystic Bla  Conj           #.......     100%        4    #####..


Dungeon Overview and Level Annotations

Branches:
Dungeon (10/15)            Temple (1/1) D:6
   Lair: D:8-11         Orc: D:9-12

Altars:
Ashenzari
Cheibriados
Dithmenos
Elyvilon
Fedhas
Gozag
Hepliaklqana
Kikubaaqudgha
Makhleb
Nemelex Xobeh
Okawaru
Qazlal
Ru
Sif Muna
Trog
Uskayaw
Vehumet
Wu Jian
Xom
Yredelemnul
Zin
The Shining One


Innate Abilities, Weirdness & Mutations

You are too large for most types of armour.
You have claws for hands.
Your metabolism is lightning-fast.
You like to eat raw meat.
Your natural rate of healing is unusually fast.
You are covered in fur. (AC +1)
You have very tough skin. (AC +2)


Message History

Okay, then.
Okay, then.
Okay, then.
Okay, then.
You are confused.
You feel invigorated.
The kobold demonologist mumbles some strange words.
The hellwing closely misses you. The hellwing misses you.
You're too confused!
Your magical effects are unravelling.
You feel magically purged.
You feel less invigorated.
You feel less confused.
You feel a little less mighty now.
The skeletal warrior completely misses you.
The hellwing hits you!
* * * LOW HITPOINT WARNING * * *
You block the hellwing's attack.
As you read the scroll of teleportation, it crumbles to dust.
You feel strangely unstable.
The skeletal warrior hits you with a flail!
You die...

#.# #.# ##.# #..#
##.####### ######+##
#.......#. #.......#
#.###.#.#. #......c#####
#...#.#...
+.....Koz@4.#######.#.#.##
#.....4T###.......#.#.#...
#....$5.# #######.#.#.###.
.........# #...#..)..
###.#...## #####.####
.....#)# #...## ..#.#....
###..# #..#.... ##.# ..(
#.... ############'#


You could see a skeletal warrior, a hellwing, a kobold demonologist, a troll, a
chaos spawn, a centaur, a crimson imp and an orc.

Vanquished Creatures
  A two-headed ogre (D:8)
  A flayed ghost (D:8)
  A troll (D:9)
  2 hippogriffs
  A shadow (D:8)
  4 wraiths (D:8)
  4 hogs (D:8)
  A yak (D:10)
  2 fire bats (D:8)
  A human (D:8)
  2 water moccasins
  Duvessa (D:7)
  3 orc warriors
  2 ice beasts
  A black bear (D:9)
  3 ogres (D:7)
  A necrophage (D:5)
  A centaur (D:6)
  A crocodile (Sewer)
  6 bullfrogs
  Dowan (D:7)
  4 scorpions
  3 killer bees (D:9)
  A howler monkey (D:10)
  4 crimson imps
  A quasit (D:7)
  A bullfrog zombie (D:5)
  8 orc wizards
  2 orc priests
  A gnoll shaman (D:7)
  4 hounds
  Natasha (thrice) (D:4)
  4 bullfrog skeletons
  4 iguanas
  3 worker ants
  2 hound zombies
  3 gnolls (D:7)
  16 adders
  2 river rats (D:5)
  3 shadow imps
  An ooze (D:3)
  A worm (D:5)
  4 leopard geckos
  14 orcs
  20 bats
  8 giant cockroaches
  6 hobgoblins
  10 jackals
  13 kobolds
  5 quokkas
  4 ball pythons
  8 frilled lizards
  7 goblins
  2 jackal skeletons
  A jackal zombie (D:5)
  A leopard gecko skeleton (D:4)
  11 rats
225 creatures vanquished.

Vanquished Creatures (others)
  A human (D:2)
1 creature vanquished.

Grand Total: 226 creatures vanquished

Notes
Turn   | Place    | Note
-------+----------+-------------------------------------------
     0 | D:1      | myga the Troll Fighter began the quest for the Orb.
     0 | D:1      | Reached XP level 1. HP: 22/22 MP: 0/0
   220 | D:1      | Reached XP level 2. HP: 29/29 MP: 1/1
   879 | D:1      | Reached XP level 3. HP: 36/36 MP: 2/2
  1026 | D:2      | Found an ancient bone altar of Kikubaaqudgha.
  1027 | D:2      | Noticed a human
  1029 | D:2      | Killed a human
  1132 | D:2      | Found an ancient bone altar of Kikubaaqudgha.
  1528 | D:2      | Reached skill level 1 in Throwing
  1528 | D:2      | Reached XP level 4. HP: 41/44 MP: 3/3
  1569 | D:2      | Reached skill level 3 in Unarmed Combat
  1789 | D:3      | Found a sacrificial altar of Ru.
  1893 | D:3      | Reached XP level 5. HP: 49/50 MP: 4/4
  2233 | D:3      | Found a glowing golden altar of the Shining One.
  2241 | D:3      | Noticed an angel
  2258 | D:3      | Found a basalt altar of Yredelemnul.
  2258 | D:3      | Noticed an orc warrior
  2279 | D:3      | Killed an orc warrior
  2279 | D:3      | Reached skill level 4 in Unarmed Combat
  2279 | D:3      | Reached XP level 6. HP: 42/59 MP: 5/5
  2293 | D:3      | Noticed a profane servitor
  2519 | D:4      | Got a crystal spear
  2544 | D:4      | Found an opulent altar of Gozag.
  2832 | D:4      | Noticed Natasha
  2843 | D:4      | Killed Natasha
  2854 | D:4      | Noticed Natasha
  2861 | D:4      | Killed Natasha
  2972 | D:4      | Noticed Natasha
  2991 | D:4      | Killed Natasha
  3261 | D:5      | Entered Level 5 of the Dungeon
  3352 | D:5      | Reached XP level 7. HP: 66/66 MP: 6/6
  3408 | D:5      | Reached skill level 5 in Unarmed Combat
  3812 | D:5      | Found a glowing drain.
  3835 | Sewer    | Entered a sewer
  4321 | D:6      | Reached skill level 6 in Unarmed Combat
  4321 | D:6      | Reached XP level 8. HP: 60/75 MP: 7/7
  4393 | D:6      | Found a blossoming altar of Fedhas.
  4590 | D:6      | Found a shattered altar of Ashenzari.
  4659 | D:6      | Found a hazy altar of Hepliaklqana.
  4871 | D:6      | Found a staircase to the Ecumenical Temple.
  4923 | Temple   | Entered the Ecumenical Temple
  4967 | Temple   | Became a worshipper of Warmaster Okawaru
  5077 | D:7      | Reached skill level 7 in Unarmed Combat
  5159 | D:7      | Noticed a hippogriff
  5168 | D:7      | Killed a hippogriff
  5198 | D:7      | Noticed Duvessa
  5199 | D:7      | Noticed Dowan
  5204 | D:7      | Killed Duvessa
  5217 | D:7      | Killed Dowan
  5277 | D:7      | Found a radiant altar of Vehumet.
  5292 | D:7      | Reached * piety under Okawaru
  5292 | D:7      | Reached XP level 9. HP: 82/83 MP: 8/8
  5510 | D:7      | Reached skill level 8 in Unarmed Combat
  5958 | D:8      | Reached skill level 5 in Shields
  5968 | D:8      | Found a hide-covered altar of Uskayaw.
  5982 | D:8      | Reached ** piety under Okawaru
  6018 | D:8      | Found a runed door.
  6022 | D:8      | Found a burning altar of Makhleb.
  6033 | D:8      | Found a blossoming altar of Fedhas.
  6090 | D:8      | Reached skill level 5 in Throwing
  6114 | D:8      | Reached skill level 5 in Dodging
  6121 | D:8      | Reached skill level 9 in Unarmed Combat
  6138 | D:8      | Found a glowing golden altar of the Shining One.
  6146 | D:8      | Found a basalt altar of Yredelemnul.
  6183 | D:8      | Found a basalt altar of Yredelemnul.
  6268 | D:8      | Noticed a two-headed ogre
  6283 | D:8      | Killed a two-headed ogre
  6283 | D:8      | Reached *** piety under Okawaru
  6283 | D:8      | Received a gift from Okawaru
  6283 | D:8      | Reached XP level 10. HP: 88/92 MP: 9/9
  6565 | D:8      | Found an ornate altar of the Wu Jian Council.
  6643 | D:8      | Received a gift from Okawaru
  6651 | D:8      | Reached skill level 1 in Stealth
  6658 | D:8      | Received a gift from Okawaru
  6838 | D:8      | Noticed a flayed ghost
  6846 | D:8      | Killed a flayed ghost
  6846 | D:8      | Reached **** piety under Okawaru
  6846 | D:8      | Reached skill level 10 in Unarmed Combat
  6861 | D:8      | Got a transparent ring mail
  7517 | D:9      | Found a deep blue altar of Sif Muna.
  7654 | D:9      | Found a shimmering altar of Xom.
  7788 | D:9      | Found a burning altar of Makhleb.
  7967 | D:10     | Entered Level 10 of the Dungeon
  8045 | D:10     | Noticed a skeletal warrior
  8072 | D:10     | Slain by a skeletal warrior

Skill      XL: |  1  2  3  4  5  6  7  8  9 10 |
---------------+-------------------------------+-----
Throwing       | 1 2 3 4 6 7 |  7.6
Unarmed Combat | 3 4 6 7 9 10 | 10.6
Dodging        | 3 4 5 |  5.5
Shields        | 3 4 5 6 |  6.2
Fighting       | 3 |  3.9
Stealth        | 1 |  1.2

Action                   |  1- 3 |  4- 6 |  7- 9 | 10-12 || total
-------------------------+-------+-------+-------+-------++-------
Melee: Unarmed           |   126 |   174 |   277 |   173 ||   750
Throw: Stone             |    55 |    59 |   131 |    56 ||   301
       Tomahawk          |       |       |    27 |    21 ||    48
Invok: Heroism           |       |       |       |     1 ||     1
  Use: Scroll            |     3 |     9 |     5 |     2 ||    19
       Potion            |       |       |     1 |     4 ||     5
 Stab: Distracted        |       |       |       |     1 ||     1
       Sleeping          |       |       |       |     1 ||     1
  Eat: Chunk             |    20 |    16 |    28 |    16 ||    80
Armor: Robe              |    29 |    50 |    75 |     7 ||   161
       Animal skin       |       |       |       |    14 ||    14
Dodge: Dodged            |    28 |    44 |    94 |    62 ||   228
Block: Shield            |    54 |    79 |   135 |    64 ||   332
